General information
- name: BNet
- type: Ladder team game (AT/RT)
- host: Battle.net
- saver: WhatsBeef
map: TwilightRuins
- players: 8
- length: 25:00
- speed: Fast
- version: 1.28 W3XP
- replay type: Public
» download(170 KB)
Players
team 1 (loser)
mfGFisaSOCK2 (
red | 52 APM | 1299 actions | 24:58)
5 Death Knight
3 Death Coil
2 Unholy Aura
3 Lich
2 Frost Nova
1 Frost Armor
3 Dark Ranger
1 Black Arrow
2 Silence
» actions
| Assign group hotkey | 37 | |
| Basic commands | 29 | |
| Build / train | 47 | |
| Enter build submenu | 13 | |
| Enter hero's abilities submenu | 11 | |
| Give item / drop item | 4 | |
| Right click | 693 | |
| Select / deselect | 214 | |
| Select group hotkey | 186 | |
| Use ability | 65 | |
1299 total
» units
| Acolyte | 2 | |
| Ghoul | 3 | |
| Crypt Fiend | 6 | |
| Frost Wyrm | 6 | |
| Tauren | 1 | |
18 total
» upgrades
| Creature Carapace | 3 | |
| Creature Attack | 1 | |
| Web | 1 | |
| Freezing Breath | 1 | |
6 total
» buildings
| Graveyard | 1 | |
| Crypt | 1 | |
| Altar of Darkness | 1 | |
| Ziggurat | 7 | |
| Tomb of Relics | 1 | |
| Halls of the Dead | 4 | |
| Black Citadel | 1 | |
| Sacrificial Pit | 1 | |
| Boneyard | 2 | |
19 total
» build order
00:18 Graveyard
00:23 Crypt
00:37 Altar of Darkness
00:47 Ziggurat
01:13 Ziggurat
01:35 Tomb of Relics
03:38 Ziggurat
04:07 Halls of the Dead
04:07 Halls of the Dead
05:28 Ziggurat
07:04 Black Citadel
07:41 Sacrificial Pit
09:27 Boneyard
09:31 Boneyard
09:33 Ziggurat
09:34 Ziggurat
13:32 Ziggurat
» items
| Rod of Necromancy | 1 | |
| Boots of Speed | 1 | |
| Orb of Corruption | 1 | |
| Scroll of Town Portal | 1 | |
4 total
4tryf (
green | 100 APM | 2472 actions | 24:43)
5 Keeper of the Grove
3 Force of Nature
1 Entangling Roots
1 Thorns Aura
4 Priestess of the Moon
2 Trueshot Aura
2 Scout
4 Dark Ranger
2 Black Arrow
2 Silence
» actions
| Assign group hotkey | 33 | |
| Basic commands | 56 | |
| Build / train | 67 | |
| Enter build submenu | 20 | |
| Enter hero's abilities submenu | 15 | |
| Give item / drop item | 2 | |
| Remove unit from queue | 1 | |
| Right click | 625 | |
| Select / deselect | 268 | |
| Select group hotkey | 1333 | |
| Use ability | 52 | |
2472 total
» units
| Wisp | 20 | |
| Archer | 4 | |
| Goblin Shredder | 1 | |
| Hippogryph | 8 | |
| Chimaera | 8 | |
41 total
» upgrades
| Reinforced Hides | 1 | |
| Strength of the Wild | 2 | |
| Corrosive Breath | 1 | |
4 total
» buildings
| Moon Well | 10 | |
| Altar of Elders | 1 | |
| Ancient of War | 1 | |
| Tree of Ages | 1 | |
| Tree of Life | 3 | |
| Tree of Eternity | 1 | |
| Ancient of Wind | 2 | |
| Hunter's Hall | 1 | |
| Ancient of Wonders | 1 | |
| Chimaera Roost | 2 | |
23 total
» build order
00:24 Moon Well
01:04 Altar of Elders
01:09 Ancient of War
01:28 Moon Well
01:49 Moon Well
03:14 Tree of Ages
03:59 Tree of Life
04:43 Moon Well
05:47 Tree of Eternity
06:24 Ancient of Wind
06:27 Ancient of Wind
06:33 Hunter's Hall
06:54 Ancient of Wonders
07:31 Moon Well
08:10 Chimaera Roost
08:13 Chimaera Roost
08:49 Moon Well
09:17 Moon Well
09:21 Moon Well
09:22 Moon Well
14:02 Tree of Life
14:37 Moon Well
17:49 Tree of Life
» items
RE|GN|NGCHAMP (
orange | 61 APM | 1254 actions | 20:33)
4 Dreadlord
2 Vampiric Aura
2 Sleep
1 Death Knight
1 Death Coil
1 Lich
1 Frost Nova
» actions
| Assign group hotkey | 44 | |
| Basic commands | 3 | |
| Build / train | 84 | |
| ESC pressed | 3 | |
| Enter build submenu | 19 | |
| Enter hero's abilities submenu | 6 | |
| Give item / drop item | 5 | |
| Right click | 553 | |
| Select / deselect | 272 | |
| Select group hotkey | 219 | |
| Use ability | 46 | |
1254 total
» units
» upgrades
| Unholy Strength | 3 | |
| Unholy Armor | 3 | |
| Ghoul Frenzy | 1 | |
| Cannibalize | 1 | |
8 total
» buildings
| Ziggurat | 9 | |
| Crypt | 2 | |
| Altar of Darkness | 1 | |
| Tomb of Relics | 1 | |
| Nerubian Tower | 1 | |
| Graveyard | 1 | |
| Halls of the Dead | 1 | |
| Necropolis | 1 | |
| Black Citadel | 1 | |
| Spirit Tower | 4 | |
22 total
» build order
00:15 Ziggurat
00:26 Crypt
01:01 Altar of Darkness
01:17 Ziggurat
01:21 Ziggurat
01:23 Tomb of Relics
01:40 Nerubian Tower
02:27 Graveyard
04:31 Halls of the Dead
04:43 Ziggurat
05:38 Necropolis
08:04 Black Citadel
08:09 Ziggurat
08:11 Ziggurat
08:16 Crypt
09:18 Spirit Tower
09:58 Ziggurat
10:02 Ziggurat
10:04 Ziggurat
11:08 Spirit Tower
16:26 Spirit Tower
16:47 Spirit Tower
» items
| Rod of Necromancy | 1 | |
| Dust of Appearance | 1 | |
| Orb of Corruption | 2 | |
| Potion of Healing | 3 | |
| Boots of Speed | 2 | |
| Scroll of Protection | 1 | |
| Scroll of Town Portal | 1 | |
11 total

»
carpenter (
yellow | 44 APM | 916 actions | 20:42)
4 Blademaster
2 Critical Strike
2 Wind Walk
2 Tauren Chieftain
1 Endurance Aura
1 War Stomp
» actions
| Assign group hotkey | 36 | |
| Build / train | 67 | |
| Enter build submenu | 28 | |
| Enter hero's abilities submenu | 6 | |
| Give item / drop item | 2 | |
| Right click | 336 | |
| Select / deselect | 218 | |
| Select group hotkey | 181 | |
| Use ability | 42 | |
916 total
» units
| Peon | 17 | |
| Grunt | 9 | |
| Shaman | 7 | |
| Tauren | 6 | |
39 total
» upgrades
| Armor | 3 | |
| Melee Weapons | 2 | |
| Spiked Barricades | 1 | |
| Shaman Training | 2 | |
| Pillage | 1 | |
| Pulverize | 1 | |
10 total
» buildings
| Altar of Storms | 2 | |
| Orc Burrow | 7 | |
| Barracks | 1 | |
| Voodoo Lounge | 1 | |
| War Mill | 1 | |
| Great Hall | 1 | |
| Stronghold | 1 | |
| Watch Tower | 6 | |
| Fortress | 1 | |
| Spirit Lodge | 1 | |
| Tauren Totem | 2 | |
24 total
» build order
00:30 Altar of Storms
00:40 Orc Burrow
00:58 Barracks
01:39 Orc Burrow
02:12 Voodoo Lounge
02:43 Orc Burrow
03:08 War Mill
04:38 Great Hall
05:22 Stronghold
07:23 Orc Burrow
07:26 Orc Burrow
07:51 Watch Tower
08:03 Fortress
08:09 Spirit Lodge
08:13 Watch Tower
09:59 Watch Tower
10:30 Altar of Storms
11:01 Watch Tower
12:21 Tauren Totem
13:13 Watch Tower
13:54 Tauren Totem
16:42 Watch Tower
17:39 Orc Burrow
19:26 Orc Burrow
» items
| Healing Salve | 3 | |
| Scroll of Speed | 1 | |
| Orb of Lightning | 2 | |
| Scroll of Town Portal | 2 | |
8 total
team 2 (winner)

»
TKD4LIFE (
purple | 47 APM | 1186 actions | 24:59)
5 Death Knight
3 Death Coil
2 Unholy Aura
» actions
| Assign group hotkey | 20 | |
| Basic commands | 120 | |
| Build / train | 52 | |
| Enter build submenu | 25 | |
| Enter hero's abilities submenu | 5 | |
| Right click | 287 | |
| Select / deselect | 161 | |
| Select group hotkey | 464 | |
| Use ability | 52 | |
1186 total
» units
| Acolyte | 12 | |
| Ghoul | 3 | |
| Crypt Fiend | 7 | |
| Frost Wyrm | 5 | |
27 total
» upgrades
| Creature Carapace | 2 | |
| Web | 1 | |
| Creature Attack | 1 | |
| Freezing Breath | 1 | |
5 total
» buildings
| Ziggurat | 11 | |
| Graveyard | 1 | |
| Altar of Darkness | 1 | |
| Crypt | 1 | |
| Nerubian Tower | 1 | |
| Tomb of Relics | 1 | |
| Spirit Tower | 3 | |
| Halls of the Dead | 1 | |
| Necropolis | 2 | |
| Black Citadel | 1 | |
| Sacrificial Pit | 1 | |
| Boneyard | 2 | |
26 total
» build order
00:07 Ziggurat
00:11 Graveyard
00:37 Altar of Darkness
00:59 Crypt
01:10 Nerubian Tower
01:26 Ziggurat
01:50 Tomb of Relics
02:48 Spirit Tower
03:41 Halls of the Dead
04:52 Necropolis
05:08 Ziggurat
06:20 Black Citadel
06:55 Sacrificial Pit
08:59 Boneyard
09:05 Boneyard
09:55 Ziggurat
09:58 Ziggurat
10:52 Spirit Tower
10:53 Spirit Tower
12:16 Ziggurat
12:19 Ziggurat
13:48 Ziggurat
13:49 Ziggurat
16:58 Necropolis
18:39 Ziggurat
18:41 Ziggurat
» items
| Rod of Necromancy | 1 | |
| Potion of Healing | 3 | |
| Potion of Mana | 2 | |
| Scroll of Town Portal | 2 | |
8 total

»
Tital (
pink | 57 APM | 1384 actions | 24:10)
6 Death Knight
3 Death Coil
2 Unholy Aura
1 Animate Dead
4 Lich
2 Frost Nova
2 Frost Armor
» actions
| Assign group hotkey | 21 | |
| Basic commands | 64 | |
| Build / train | 48 | |
| Enter build submenu | 22 | |
| Enter hero's abilities submenu | 10 | |
| Give item / drop item | 2 | |
| Right click | 661 | |
| Select / deselect | 171 | |
| Select group hotkey | 317 | |
| Use ability | 68 | |
1384 total
» units
| Acolyte | 7 | |
| Ghoul | 2 | |
| Crypt Fiend | 8 | |
| Goblin Shredder | 1 | |
| Obsidian Statue | 2 | |
| Frost Wyrm | 2 | |
22 total
» upgrades
| Creature Attack | 2 | |
| Web | 1 | |
| Burrow | 1 | |
| Creature Carapace | 1 | |
5 total
» buildings
| Graveyard | 1 | |
| Crypt | 1 | |
| Ziggurat | 10 | |
| Altar of Darkness | 1 | |
| Tomb of Relics | 1 | |
| Halls of the Dead | 1 | |
| Nerubian Tower | 1 | |
| Slaughterhouse | 1 | |
| Sacrificial Pit | 1 | |
| Black Citadel | 2 | |
| Necropolis | 2 | |
| Boneyard | 1 | |
23 total
» build order
00:20 Graveyard
00:26 Crypt
00:41 Ziggurat
01:07 Altar of Darkness
01:12 Tomb of Relics
01:55 Ziggurat
04:10 Halls of the Dead
04:22 Ziggurat
06:52 Nerubian Tower
06:56 Slaughterhouse
07:11 Sacrificial Pit
07:21 Ziggurat
07:58 Black Citadel
07:59 Black Citadel
09:28 Ziggurat
10:13 Necropolis
10:24 Boneyard
12:27 Ziggurat
15:45 Necropolis
16:41 Ziggurat
17:33 Ziggurat
17:35 Ziggurat
17:36 Ziggurat
» items
| Rod of Necromancy | 1 | |
| Orb of Corruption | 1 | |
| Scroll of Healing | 1 | |
| Scroll of Town Portal | 2 | |
5 total
WhatsBeef (
blue | 77 APM | 1934 actions | 25:00)
10 Goblin Tinker
3 Pocket Factory
3 Engineering Upgrade
1 Robo-Goblin
3 Cluster Rockets
» actions
| Assign group hotkey | 86 | |
| Basic commands | 47 | |
| Build / train | 84 | |
| Enter build submenu | 51 | |
| Enter hero's abilities submenu | 11 | |
| Give item / drop item | 2 | |
| Remove unit from queue | 1 | |
| Right click | 720 | |
| Select / deselect | 261 | |
| Select group hotkey | 492 | |
| Use ability | 179 | |
1934 total
» units
| Peasant | 13 | |
| Footman | 5 | |
| Goblin Shredder | 1 | |
| Gryphon Rider | 3 | |
| Goblin Sapper | 4 | |
| Dragonhawk Rider | 6 | |
32 total
» upgrades
| Masonry | 3 | |
| Storm Hammers | 1 | |
| Swords | 3 | |
| Armor | 3 | |
| Animal War Training | 1 | |
| Cloud | 1 | |
12 total
» buildings
| Altar of Kings | 1 | |
| Barracks | 1 | |
| Farm | 10 | |
| Scout Tower | 35 | |
| Arcane Tower | 2 | |
| Town Hall | 1 | |
| Lumber Mill | 2 | |
| Keep | 1 | |
| Arcane Vault | 1 | |
| Guard Tower | 4 | |
| Castle | 1 | |
| Gryphon Aviary | 4 | |
| Blacksmith | 2 | |
65 total
» build order
00:38 Altar of Kings
00:39 Barracks
00:54 Farm
00:55 Farm
01:06 Farm
01:38 Farm
01:51 Scout Tower
03:14 Arcane Tower
03:48 Town Hall
03:54 Lumber Mill
04:57 Keep
06:04 Scout Tower
06:04 Scout Tower
06:04 Scout Tower
06:06 Scout Tower
06:09 Scout Tower
06:19 Arcane Vault
06:23 Scout Tower
06:23 Scout Tower
06:24 Scout Tower
06:25 Scout Tower
06:28 Scout Tower
06:28 Scout Tower
06:29 Scout Tower
06:30 Scout Tower
06:32 Scout Tower
06:33 Scout Tower
06:34 Scout Tower
06:36 Scout Tower
06:47 Guard Tower
06:49 Arcane Tower
07:22 Castle
07:55 Guard Tower
09:12 Gryphon Aviary
09:13 Gryphon Aviary
09:13 Gryphon Aviary
09:14 Gryphon Aviary
09:25 Blacksmith
09:28 Blacksmith
09:35 Farm
11:21 Lumber Mill
11:50 Scout Tower
11:50 Scout Tower
11:50 Scout Tower
11:50 Scout Tower
11:52 Scout Tower
11:52 Scout Tower
13:17 Farm
13:17 Farm
13:18 Farm
13:20 Farm
13:20 Farm
13:25 Guard Tower
22:45 Scout Tower
22:45 Scout Tower
22:46 Scout Tower
22:47 Scout Tower
22:47 Scout Tower
22:48 Scout Tower
22:48 Scout Tower
22:48 Scout Tower
22:48 Scout Tower
22:49 Scout Tower
23:31 Guard Tower
23:31 Guard Tower
» items
| Boots of Speed | 1 | |
| Staff of Teleportation | 1 | |
| Scroll of Town Portal | 6 | |
| Potion of Mana | 1 | |
| Lesser Clarity Potion | 1 | |
| Mechanical Critter | 2 | |
| Scroll of Regeneration | 2 | |
| Periapt of Vitality | 1 | |
| Potion of Healing | 4 | |
19 total
SirCummalot (
teal | 26 APM | 644 actions | 24:59)
4 Death Knight
2 Death Coil
2 Unholy Aura
» actions
| Build / train | 49 | |
| Enter build submenu | 18 | |
| Enter hero's abilities submenu | 4 | |
| Give item / drop item | 3 | |
| Right click | 328 | |
| Select / deselect | 212 | |
| Use ability | 28 | |
644 total
» units
| Acolyte | 5 | |
| Ghoul | 3 | |
| Crypt Fiend | 13 | |
| Obsidian Statue | 2 | |
| Frost Wyrm | 3 | |
26 total
» upgrades
| Creature Attack | 3 | |
| Creature Carapace | 3 | |
| Web | 1 | |
7 total
» buildings
| Ziggurat | 8 | |
| Altar of Darkness | 2 | |
| Crypt | 1 | |
| Graveyard | 1 | |
| Nerubian Tower | 1 | |
| Spirit Tower | 7 | |
| Tomb of Relics | 2 | |
| Halls of the Dead | 1 | |
| Slaughterhouse | 1 | |
| Sacrificial Pit | 1 | |
| Black Citadel | 1 | |
| Boneyard | 1 | |
27 total
» build order
00:11 Ziggurat
00:20 Altar of Darkness
00:41 Crypt
01:11 Graveyard
01:19 Nerubian Tower
01:44 Ziggurat
02:40 Spirit Tower
02:49 Ziggurat
03:45 Spirit Tower
04:27 Ziggurat
04:36 Tomb of Relics
06:24 Halls of the Dead
06:40 Spirit Tower
07:42 Ziggurat
09:17 Spirit Tower
09:20 Slaughterhouse
09:26 Sacrificial Pit
09:52 Ziggurat
10:56 Spirit Tower
13:03 Black Citadel
15:13 Ziggurat
16:07 Boneyard
16:47 Spirit Tower
16:54 Ziggurat
18:33 Spirit Tower
19:33 Tomb of Relics
24:44 Altar of Darkness
» items
Chat log
(00:15 / Allies) WhatsBeef: >tfw no one on your shit list is in the game
(00:27 / Allies) TKD4LIFE: fiends frost
(00:51 / Allies) WhatsBeef: damn I'm surrounded by a bunch of shambling corpses
(02:13 / All) WhatsBeef: BEAT IT BEAT IT
(02:16 / All) WhatsBeef: NO ONE WANTS TO BE DEFEATED
(02:20 / All) mfGFisaSOCK2: stfu
(02:24 / All) SirCummalot: HAH
(02:27 / All) mfGFisaSOCK2: u 2
(02:39 / All) mfGFisaSOCK2: i hope ur team kills eachother
(02:43 / All) mfGFisaSOCK2: u bitch ass negros
(03:10 / All) SirCummalot: that wasnt very nice
(03:13 / All) mfGFisaSOCK2: STFUI
(03:18 / All) mfGFisaSOCK2: ILL KILL U
(03:32 / All) WhatsBeef: you won't kill anything but a double cheeseburger fatass
(03:44 / All) mfGFisaSOCK2: FUCK OFF
(03:44 / All) mfGFisaSOCK2: FAG
(03:53 / All) mfGFisaSOCK2: FUCKIN FANBOY
(04:13 / Allies) WhatsBeef: lumber
(05:24 / Allies) WhatsBeef: when I have 2k lumbs no one better expect me to share
(05:33 / Allies) TKD4LIFE: dont ahve bro
(07:04 / Allies) WhatsBeef: he's going to my expo
(07:14 / Allies) WhatsBeef: maybe
(07:34 / Allies) SirCummalot: ty
(07:35 / Allies) Tital: ty
(09:36 / Allies) TKD4LIFE: thx
(10:52 / Allies) WhatsBeef: kill footman
(10:58 / Allies) WhatsBeef: ty
(11:36 / Allies) TKD4LIFE: comoin
(11:37 / Allies) TKD4LIFE: stay
(13:22 / Allies) TKD4LIFE: back
(13:23 / Allies) TKD4LIFE: to my base
(14:21 / Allies) WhatsBeef: SOME TP
(15:51 / Allies) TKD4LIFE: hit thir xpos
(15:58 / Allies) WhatsBeef: am
(16:21 / Allies) TKD4LIFE: tp \\\
(16:22 / All) TKD4LIFE: tp
(17:08 / All) mfGFisaSOCK2: FUCK UR FACE
(17:15 / All) WhatsBeef: BEAT IT
(17:16 / All) WhatsBeef: BEAT IT
(17:19 / All) WhatsBeef: NO ONE AWNTS TO BE DEFEATED
(17:50 / Allies) TKD4LIFE: i need tp
(17:51 / All) mfGFisaSOCK2: uhh
(17:56 / Allies) WhatsBeef: run
(18:01 / All) mfGFisaSOCK2: u played against
(18:02 / All) mfGFisaSOCK2: a noob
(18:05 / All) mfGFisaSOCK2: with ghouls
(18:08 / All) mfGFisaSOCK2: u fucking twat
(18:12 / Allies) WhatsBeef: base for base
(18:53 / All) WhatsBeef: THEYLL KILL U AND THEYLL BEAT U AND ITS REALLY NOT FAIR
(18:57 / Allies) WhatsBeef: TP TO NEXT BASE THEY HIT QUICK
(19:00 / Allies) WhatsBeef: THEY KILL FAST WITH CHIM
(19:17 / Allies) WhatsBeef: tp to my base when they hit
(19:23 / Allies) WhatsBeef: fucking chim
(19:47 / All) mfGFisaSOCK2: LMAO
(19:49 / All) WhatsBeef: BEAT IT
(19:49 / All) mfGFisaSOCK2: DID U SEE OJ TP
(19:50 / All) WhatsBeef: BEAT IT
(19:50 / All) mfGFisaSOCK2: LMAO
(19:53 / All) WhatsBeef: N O ONE WANTS TO BE DEFEATED
(20:21 / All) WhatsBeef: LOL
(20:24 / All) WhatsBeef: I HAD POT BOI
(20:44 / All) TKD4LIFE: no hero
(20:45 / All) WhatsBeef: BEAT IT
(20:46 / All) TKD4LIFE: but we win
(20:46 / All) WhatsBeef: BEAT IT
(20:49 / All) WhatsBeef: NO ONE WANTAS TO BE DEFEATED
(21:10 / Allies) WhatsBeef: I got him
(21:11 / Allies) WhatsBeef: he dead now
(21:59 / All) WhatsBeef: BAET IT
(22:00 / All) WhatsBeef: BEAT IT
(22:07 / All) SirCummalot: lol
(22:07 / All) WhatsBeef: NO ONE WANTS TO BE DEFEATED
(22:59 / Allies) Tital: b
(23:15 / Allies) Tital: we need blue for that
(23:56 / Allies) Tital: blue gold me for hero
(23:57 / Allies) Tital: plz
(24:13 / All) WhatsBeef: BEAT IT
(24:14 / All) WhatsBeef: BEAT IT
(24:29 / Allies) WhatsBeef: out lol
(24:52 / All) mfGFisaSOCK2: faggot
(24:54 / All) mfGFisaSOCK2: beat it nigger
(24:55 / All) WhatsBeef: BEAT IT
(24:56 / All) WhatsBeef: BEAT IT